 Dungeon Crawl Stone Soup version 0.30-a0-591-g3c58d2bc28 (webtiles) character file.

Game seed: 14473064774907998544

450 kae the Changer (level 6, -3/43 HPs)
             Began as a Demonspawn Transmuter on Jan 5, 2023.
             Slain by an iguana (13 damage)
             ... on level 5 of the Dungeon.
             The game lasted 00:03:56 (4504 turns).

kae the Changer (Demonspawn Transmuter)             Turns: 4504, Time: 00:03:57

Health: -3/43      AC:  2    Str: 10    XL:     6   Next: 74%
Magic:  5/10       EV: 19    Int: 16    God:
Gold:   184        SH:  0    Dex: 25    Spells: 1/11 levels left

rFire   . . .      SeeInvis .      - Unarmed
rCold   . . .      Faith    .    (shield currently unavailable)
rNeg    + . .      Spirit   .    (body armour currently unavailable)
rPois   x          Reflect  .    (helmet currently unavailable)
rElec   .          Harm     .    (cloak currently unavailable)
rCorr   .          Rampage  .    (gloves currently unavailable)
Will    .....                    (boots currently unavailable)
Stlth   ++                       (no amulet)
HPRegen 0.27/turn                D - +6 ring of dexterity
MPRegen 0.24/turn                N - ring of positive energy

@: spider-form, very slightly contaminated
A: venomous fangs, tiny, foul stench 1, magic regeneration, (sturdy frame 1)
a: End Transformation


You were on level 5 of the Dungeon.
You were a venomous arachnid creature.
You visited 1 branch of the dungeon, and saw 5 of its levels.

You collected 184 gold pieces.


Innate Abilities, Weirdness & Mutations

You are a venomous arachnid creature.
You have poisonous fangs.
You are tiny and dextrous.
Your spellcasting is less reliable in this form.
Your armour is entirely melded.
You are incapable of wielding weapons or throwing items.
You may rarely emit foul miasma when damaged in melee.
You regenerate magic rapidly.
((Your movements are slightly less encumbered by armour. (ER -2)))


   Skills:
 - Level 1.0 Fighting
 - Level 1.7 Dodging
 + Level 4.0 Unarmed Combat
 - Level 3.0 Spellcasting
 * Level 4.6 Transmutations
 * Level 2.0 Ice Magic
 - Level 1.5 Poison Magic


You had one spell level left.
You knew the following spells:

 Your Spells              Type           Power      Damage    Failure   Level
a - Beastly Appendage     Tmut           34%        N/A       10%         1
b - Wereblood             Tmut           17%        N/A       13%         2
c - Spider Form           Tmut/Pois      12%        N/A       34%         3
d - Ice Form              Ice/Tmut       13%        N/A       65%         4

Your spell library contained the following spells:

 Spells                   Type           Power      Damage    Failure   Level
 Freeze                   Ice            32%        1d5       22%         1
 Ensorcelled Hibernation  Hex/Ice        10%        N/A       38%         2
 Frozen Ramparts          Ice            16%        1d3       45%         3
 Hailstorm                Conj/Ice       5%         3d4       58%         3
 Anguish                  Hex/Necr       1%         N/A       96%         4
 Freezing Cloud           Conj/Ice/Air   2%         6-21      99%         5
 Simulacrum               Ice/Necr       2%         N/A       100%        6
 Polar Vortex             Ice            4%         N/A       100%        9

Inventory:

Missiles
 d - 17 stones
 g - a throwing net {=f!f}
 l - 4 atropa-tipped darts
Armour
 a - a +0 robe (melded)
Magical Staves
 o - a staff of earth {!a}
   (You found it on level 3 of the Dungeon)
Jewellery
 C - a ring of ice
   (You found it on level 4 of the Dungeon)
 D - a +6 ring of dexterity (left front leg)
   (You found it on level 3 of the Dungeon)
 N - a ring of positive energy (right front leg)
   (You found it on level 4 of the Dungeon)
Scrolls
 c - 2 scrolls of teleportation {@r4}
 k - a scroll of enchant weapon
 m - a scroll of amnesia
Potions
 b - a potion of lignification {!q}
 e - a potion of haste {unknown}
 f - a potion of mutation {!q}
 h - a potion of brilliance
 i - a potion of ambrosia {unknown}
 j - a potion of flight {unknown}
 n - 2 potions of curing {unknown}
 p - a potion of berserk rage {!q}
 q - 2 potions of invisibility {unknown}

Dungeon Overview and Level Annotations

Branches:
Dungeon (5/15) Zot: 25523
 Temple: D:4-7

Altars:

Shops:
D:4

* #.# #.# .. #.# ..
#.####### ..
......... .#
..###### ##### .#
..<....# #... .#
.#####.####.#####.#
## #.......s.# #
#.#.#####l...... #
#.#.# .##.### #
#.#.# .# # #.#.# ..
#.#.# .. # # #.#..#
..# # #..###.## ###
# #.# ##.#


You could see an iguana (very poisoned).


Message History

a +0 club; a +0 leather armour Key pressed, stopping explore.
Things that are here:
a +0 club; a +0 leather armour An orc comes into view.
It is wielding a +0 dagger.
An orc is nearby!
An orc is nearby!
An orc is nearby!
Casting: Spider Form (dangerous; 16% risk of failure)
Confirm with . or Enter, or press ? or * to list all spells.
You turn into a venomous arachnid creature.
Your +0 robe melds into your body.
The orc shouts! 😎 MP[-3]
You lost 3 mp, and now have 7/10 mp.
The orc completely misses you. 😎 MP[+1]
You bite the orc!
You kill the orc!
No target in view!
Your transformation is almost over.
Your transformation has ended.
Your +0 robe unmelds from your body. 😎 MP[+2]
Your mp is fully restored (10).
There is a stone staircase leading down here.
Done exploring.
Unknown command.
Done exploring.
Done exploring.
Unknown command.
Done exploring.
(D) Dungeon
Where to? (Enter - D:4, ? - help)
There is a stone staircase leading down here.
You climb downwards.
You hear the hiss of flowing sand.
There is an entrance to an ossuary on this level.
Hurry and find it before the portal is buried!
There is a stone staircase leading up here.
Okay, then.
Casting: Spider Form (dangerous; 16% risk of failure)
Confirm with . or Enter, or press ? or * to list all spells.
You turn into a venomous arachnid creature.
Your +0 robe melds into your body. 😎 MP[-3]
You lost 3 mp, and now have 7/10 mp.
The worm completely misses you.
You hit the worm but do no damage.
The worm is poisoned. 😎 MP[+1]
You bite the worm!
The worm looks as sick as possible!
The worm closely misses you.
You hit the worm.
The worm looks as sick as possible!
The worm closely misses you.
You hit the worm.
You kill the worm!
No target in view!
As you read the scroll of identify {@r1}, it crumbles to dust.
p - a potion of berserk rage 😎 MP[+1]
As you read the scroll of identify {@r1}, it crumbles to dust.
f - a potion of mutation 😎 MP[+1]
Your mp is fully restored (10).
Your transformation is almost over.
l - 4 atropa-tipped darts Your transformation has ended.
Your +0 robe unmelds from your body.
You now have 184 gold pieces (gained 12).
You hear the slow hiss of a distant avalanche of sand.
You pick up a book of Ice and begin reading...
You add the spells Freezing Cloud, Simulacrum and Polar Vortex to your library.
An iguana comes into view.
The iguana hisses angrily.
Casting: Spider Form (dangerous; 16% risk of failure)
Confirm with . or Enter, or press ? or * to list all spells.
You miscast Spider Form.
You are very lightly contaminated with residual magic.
Nothing appears to happen.
The iguana bites you! 😮 HP[-13] MP[-3]
You take 13 damage, and now have 30/43 hp.
MASSIVE DAMAGE!! (PAUSE)
You lost 3 mp, and now have 7/10 mp.
Casting: Spider Form (dangerous; 16% risk of failure)
Confirm with . or Enter, or press ? or * to list all spells.
You turn into a venomous arachnid creature.
Your +0 robe melds into your body.
The iguana bites you!
* * * LOW HITPOINT WARNING * * *
The iguana closely misses you. 😨 HP[-13] MP[-3]
You take 13 damage, and now have 17/43 hp.
MASSIVE DAMAGE!! (PAUSE)
You lost 3 mp, and now have 4/10 mp.
You hit the iguana but do no damage. The iguana barely misses you. 😨 MP[+1]
You bite the iguana!
The iguana is poisoned.
The iguana bites you!
* * * LOW HITPOINT WARNING * * *
😱 HP[-8]
You take 8 damage, and now have 9/43 hp.
You hit the iguana. The iguana bites you!
You die...

Skill      XL: |  1  2  3  4  5  6 |
---------------+-------------------+-----
Transmutations | 2 3 4 |  4.6
Unarmed Combat | 3 4 |  4.0
Poison Magic   | 1 |  1.5
Spellcasting   | 3 |  3.0
Ice Magic      | 2 |  2.0
Fighting       | |  1.0
Dodging        | |  1.7

Action                   |  1- 3 |  4- 6 || total
-------------------------+-------+-------++-------
Melee: Unarmed           |   337 |   129 ||   466
       Kick              |    23 |    21 ||    44
       Headbutt          |    11 |    10 ||    21
       Punch             |     6 |     4 ||    10
 Cast: Beastly Appendage |    27 |    12 ||    39
       Spider Form       |     2 |     8 ||    10
       Wereblood         |     2 |     3 ||     5
  Use: Scroll            |     4 |     5 ||     9
Armor: Robe              |    40 |     9 ||    49
       Skin              |       |     3 ||     3
Dodge: Dodged            |   115 |    66 ||   181

Levels and vault maps discovered:
D:1:      denvon_arrival_planthouse, layout_loops_ring, serial_forest,
          infiniplex_forest_corner_2, infiniplex_forest_lined_3,
          infiniplex_forest_end_2, infiniplex_forest_end_2,
          infiniplex_forest_lined_4_way, infiniplex_forest_clump_diagonal,
          infiniplex_forest_end_3, infiniplex_forest_fountain,
          infiniplex_forest_lined_2, minmay_lizard_king
D:2:      layout_basic, minivault_24
D:3:      layout_rooms, shapermc_ecumenical_altar_gd, minmay_vboxes
D:4:      layout_basic, nicolae_shop_fire_sale [nicolae_sub_dead_trees],
          uniq_blork_the_orc
D:5:      layout_loops_ring, enter_ossuary_3

Notes
Turn   | Place    | Note
-------+----------+-------------------------------------------
     0 | D:1      | kae the Demonspawn Transmuter began the quest for the Orb.
     0 | D:1      | Reached XP level 1. HP: 15/15 MP: 3/3
     0 | D:1      | magus.rc [v1.11.3]
   115 | D:1      | Reached skill level 2 in Transmutations
   206 | D:1      | Gained mutation: You may rarely emit foul miasma when
                  | damaged in melee. [demonic ancestry]
   206 | D:1      | Reached XP level 2. HP: 21/21 MP: 3/5
   685 | D:1      | Reached skill level 3 in Unarmed Combat
  1066 | D:1      | Gained mutation: Your movements are slightly less
                  | encumbered by armour. (ER -2) [demonic ancestry]
  1066 | D:1      | Reached XP level 3. HP: 26/26 MP: 6/6
  1069 | D:1      | Learned a level 2 spell: Wereblood
  1073 | D:1      | Learned a level 3 spell: Spider Form
  1084 | D:1      | You pick up a book of Frost and begin reading...
  1084 | D:1      | You add the spells Freeze, Frozen Ramparts and Hailstorm to
                  | your library.
  1517 | D:2      | Identified the +3 hand axe of the Inviting Oracle {freeze,
                  | rElec Int+2 Dex+2}
  2270 | D:3      | Reached skill level 1 in Poison Magic
  2308 | D:3      | Found a faded altar of an unknown god.
  2548 | D:3      | Reached XP level 4. HP: 29/32 MP: 5/7
  2824 | D:3      | Reached skill level 3 in Transmutations
  2996 | D:4      | Noticed Blork the orc
  3005 | D:4      | Killed Blork the orc
  3006 | D:4      | Gained mutation: You regenerate magic rapidly. [demonic
                  | ancestry]
  3006 | D:4      | Reached XP level 5. HP: 29/37 MP: 4/9
  3194 | D:4      | You pick up a book of Dreams and begin reading...
  3194 | D:4      | You add the spells Ensorcelled Hibernation and Anguish to
                  | your library.
  3199 | D:4      | Noticed a phantom
  3221 | D:4      | Killed a phantom
  3222 | D:4      | Reached skill level 3 in Spellcasting
  3222 | D:4      | Reached skill level 4 in Transmutations
  3230 | D:4      | Learned a level 4 spell: Ice Form
  3358 | D:4      | Found Jytudeuj's Fire Supplies.
  3375 | D:4      | Reached XP level 6. HP: 21/43 MP: 10/10
  3604 | D:4      | Reached skill level 1 in Ice Magic
  3797 | D:4      | Reached skill level 4 in Unarmed Combat
  4218 | D:4      | Reached skill level 2 in Ice Magic
  4310 | D:4      | Identified the +3 shortbow "Suicva" {freeze, rPois rCorr
                  | Stlth-}
  4428 | D:5      | Entered Level 5 of the Dungeon
  4494 | D:5      | You pick up a book of Ice and begin reading...
  4494 | D:5      | You add the spells Freezing Cloud, Simulacrum and Polar
                  | Vortex to your library.
  4503 | D:5      | HP: 9/43 [iguana (8)]
  4504 | D:5      | Slain by an iguana

Vanquished Creatures
  A phantom (D:4)
  Blork the orc (D:4)
  A scorpion (D:4)
  An iguana (D:4)
  3 orc wizards (D:4)
  4 adders
  4 worms
  2 dart slugs
  11 orcs
  9 endoplasms
  2 giant cockroaches
  6 goblins
  5 hobgoblins
  8 jackals
  3 quokkas
  3 ball pythons
  10 bats
  9 frilled lizards
  2 kobolds (D:1)
  5 rats
  A bush (D:1)
91 creatures vanquished.

Vanquished Creatures (others)
  4 plants (D:1)
4 creatures vanquished.

Grand Total: 95 creatures vanquished

Table legend:
 A = Non-vault XP
 B = Vault XP
 C = Vault XP percentage of total XP
 D = Non-vault monster count
 E = Vault monster count
 F = Vault count percentage of total count
                 A         B        C        D         E       F
            +---------+---------+-------+---------+---------+-------
      Total |     525 |     119 |  18.5 |      77 |      13 |  14.4
            +---------+---------+-------+---------+---------+-------
        D:1 |      45 |       8 |  15.1 |      26 |       8 |  23.5
        D:2 |      26 |       0 |   0.0 |      11 |       0 |   0.0
        D:3 |      40 |      11 |  21.6 |      15 |       4 |  21.1
        D:4 |     409 |     100 |  19.6 |      24 |       1 |   4.0
        D:5 |       5 |       0 |   0.0 |       1 |       0 |   0.0
            +---------+---------+-------+---------+---------+-------

Illustrated notes

Table legend:
 A = Kills in this place as a percentage of kills in entire the game.
 B = Kills by you in this place as a percentage of kills by you in the entire game.
 C = Kills by friends in this place as a percentage of kills by friends in the entire game.
 D = Other kills in this place as a percentage of other kills in the entire game.
 E = Experience gained in this place as a percentage of experience gained in the entire game.
 F = Experience gained in this place divided by the number of levels of this place that you have seen.
                   A       B       C       D       E      F
               +-------+-------+-------+-------+-------+----------------------
         Total | 100.0 | 100.0 |   N/A |   N/A | 100.0 | 128.8
       Dungeon | 100.0 | 100.0 |   N/A |   N/A | 100.0 | 128.8
               +-------+-------+-------+-------+-------+----------------------

Table legend: (Time is in decaauts)
 A = Elapsed time spent in this place.
 B = Non-inter-level travel time spent in this place.
 C = Inter-level travel time spent in this place.
 D = Time resting spent in this place.
 E = Time spent auto-exploring this place.
 F = Levels seen in this place.
 G = Mean time per level.
                   A        B        C        D        E       F      G
               +--------+--------+--------+--------+--------+-----+--------+
         Total |   4475 |   4354 |    121 |     17 |   3403 |   5 |  895.0 |
       Dungeon |   4475 |   4354 |    121 |     17 |   3403 |   5 |  895.0 |
               +--------+--------+--------+--------+--------+-----+--------+

Top non-repeatable levels by time:
     D:4: 1455 daAuts
     D:1: 1387 daAuts
     D:2: 851 daAuts
     D:3: 705 daAuts
     D:5: 75 daAuts
